Map: Arctic Dream LE

Players

Massa

  • Race: Terran Terran
  • League: Platinum
  • Spawn Location: 11:00

qqq

  • Race: Protoss Protoss
  • League: Platinum
  • Spawn Location: 12:00

Eparcyl - Winner!

  • Race: Protoss Protoss
  • League: Diamond
  • Spawn Location: 5:00

Tesla - Winner!

  • Race: Zerg Zerg
  • Spawn Location: 6:00

VOD

Have the link to the VOD?

Description

Time

  • Played on: Jan. 23, 2021, 12:26 p.m.
  • Length: 4:54
Show
View Real Time Build Order
Export as new Build Order

Massa Terran 

Build Orders:  

Get SALT Encoding   

  12  0:00  SCV  
  13  0:12  SCV  
  14  0:17  Supply Depot  
  14  0:24  SCV  
  15  0:38  SCV  
  16  0:44  Barracks  
  16  0:50  Refinery  
  16  0:51  SCV  
  17  1:03  SCV  
  18  1:19  SCV  
  19  1:31  Orbital Command  
  19  1:43  Barracks Tech Lab  
  19  1:44  Command Center  
  19  1:51  Supply Depot  
  19  1:57  SCV  
  20  2:07  Marine  
  21  2:08  Stimpack  
  21  2:12  Barracks  
  21  2:24  Barracks  
  21  2:25  Marine  
  22  2:31  SCV  
  23  2:39  Barracks  
  23  2:42  Marine  
  24  2:56  Supply Depot  
  24  3:00  Marine  
  24  3:03  Marine  
  26  3:18  Marine  
  27  3:20  Marine  
  28  3:36  Marine  
  29  3:42  Marine x3  
  29  3:43  SCV  
  29  3:47  Refinery  
  34  3:48  Orbital Command  
  34  3:54  Marine  
  34  3:56  Factory  
  34  3:59  Marine  
  34  4:00  Marine  
  36  4:08  Marine  
  37  4:11  Marine  
  38  4:17  Marine x2  
  40  4:26  Marine  
  41  4:35  Marine x2  
Show
View Real Time Build Order
Export as new Build Order

qqq Protoss 

Build Orders: Cannon Rush 

Get SALT Encoding   

  12  0:02  Probe  
  13  0:14  Probe  
  14  0:26  Pylon  
  14  0:30  Probe  
  15  0:44  Probe  
  15  0:47  Forge  
  16  0:54  Pylon  
  16  0:56  Probe  
  17  1:01  Pylon  
  17  1:22  Photon Cannon  
  17  1:29  Photon Cannon  
  17  1:41  Photon Cannon  
  17  1:45  Pylon  
  17  2:06  Photon Cannon  
  17  2:07  Photon Cannon  
  17  2:15  Photon Cannon  
  17  2:20  Pylon  
  17  2:39  Photon Cannon  
  17  2:43  Photon Cannon  
  16  2:57  Photon Cannon  
  15  3:31  Probe  
  14  3:46  Gateway  
  14  3:52  Probe  
  15  3:58  Pylon  
  15  4:06  Pylon  
  14  4:18  Photon Cannon  
Show
View Real Time Build Order
Export as new Build Order

Eparcyl Protoss - Winner!

Build Orders:  

Get SALT Encoding   

  12  0:00  Probe  
  13  0:12  Probe  
  14  0:24  Probe (Chrono Boost)  
  15  0:29  Pylon  
  15  0:33  Pylon  
  15  0:46  Probe (Chrono Boost)  
  16  0:51  Gateway  
  16  0:57  Probe  
  17  0:58  Assimilator  
  17  1:09  Probe  
  18  1:21  Probe  
  19  1:33  Probe  
  19  1:39  Zealot (Chrono Boost)  
  20  1:45  Probe  
  23  1:55  Cybernetics Core  
  23  1:57  Probe  
  23  2:01  Forge  
  24  2:03  Zealot (Chrono Boost)  
  25  2:09  Probe, Assimilator  
  25  2:10  Pylon  
  26  2:21  Probe  
  27  2:33  Probe  
  28  2:40  Photon Cannon  
  28  2:42  Photon Cannon  
  27  2:45  Probe  
  28  2:58  Probe  
  26  3:07  Photon Cannon  
  26  3:10  Probe  
  23  3:22  Probe  
  21  3:34  Probe (Chrono Boost)  
  21  3:44  Probe (Chrono Boost)  
  21  3:45  Pylon  
  22  3:49  Probe (Chrono Boost)  
  22  3:50  Stargate  
  24  4:14  Probe  
  24  4:20  Nexus  
  24  4:26  Probe  
  28  4:53  Stargate  
Show
View Real Time Build Order
Export as new Build Order

Tesla Zerg - Winner!

Build Orders: Hatch First 

Get SALT Encoding   

  12  0:01  Drone  
  13  0:12  Overlord  
  13  0:18  Drone  
  14  0:23  Extractor, Drone  
  15  0:30  Drone  
  15  0:34  Drone  
  17  0:54  Hatchery  
  17  0:57  Drone  
  17  1:00  Extractor  
  16  1:16  Spawning Pool  
  15  1:22  Drone x2  
  17  1:26  Drone  
  18  1:34  Drone  
  19  1:44  Drone  
  20  1:55  Drone  
  21  2:04  Metabolic Boost  
  21  2:08  Queen  
  21  2:10  Spine Crawler, Zergling x2  
  21  2:13  Drone  
  24  2:16  Zergling x2  
  25  2:23  Queen  
  27  2:30  Overlord  
  27  2:36  Zergling x2  
  28  2:49  Zergling x8  
  28  2:50  Zergling x2  
  33  3:00  Zergling x2  
  33  3:01  Zergling x2  
  35  3:09  Zergling x2  
  36  3:26  Overlord x2  
  36  3:35  Overlord  
  34  3:50  Zergling x10  
  34  3:53  Zergling x4  
  40  4:03  Zergling x4, Baneling Nest  
  41  4:10  Zergling x6  
  41  4:15  Drone  
  45  4:22  Drone  
  46  4:27  Drone  
  47  4:31  Hatchery  
  47  4:35  Zergling x8  
Tags
 
Add a new tag
Caveats
  • Supply blocks, unpowered buildings, or Contaminate may cause inaccurate times.
  • Supply counts are checked every 10 seconds.